Map: Симулякр РВ

Players

immOrTaL

  • Race: Zerg Zerg
  • League: Platinum
  • Spawn Location: 5:00

LoliChan - Winner!

  • Race: Terran Terran
  • League: Platinum
  • Spawn Location: 11:00

VOD

Have the link to the VOD?

Description

Time

  • Played on: March 27, 2020, 1:26 p.m.
  • Length: 13:08
Show
View Real Time Build Order
Export as new Build Order

immOrTaL Zerg 

Build Orders: Hatch First 

Get SALT Encoding   

  12  0:01  Drone  
  13  0:12  Overlord  
  13  0:18  Drone  
  14  0:30  Drone x2  
  16  0:50  Hatchery  
  16  0:53  Drone  
  16  0:56  Drone  
  17  1:00  Drone  
  17  1:03  Extractor  
  17  1:16  Spawning Pool  
  16  1:20  Drone  
  16  1:22  Drone  
  18  1:28  Drone  
  19  1:39  Overlord  
  19  1:52  Drone  
  20  2:04  Queen  
  20  2:05  Queen  
  20  2:06  Zergling x2  
  20  2:07  Drone  
  26  2:12  Metabolic Boost  
  26  2:17  Drone  
  26  2:20  Drone  
  28  2:23  Drone  
  29  2:52  Overlord  
  29  3:01  Pneumatized Carapace  
  29  3:03  Overlord  
  29  3:06  Hatchery  
  29  3:11  Overlord  
  28  3:15  Drone x4  
  32  3:29  Drone  
  32  3:30  Drone x2  
  35  3:35  Drone x3  
  38  3:44  Evolution Chamber  
  37  3:51  Drone  
  37  3:52  Evolution Chamber, Drone x4  
  41  4:14  Lair  
  41  4:16  Spore Crawler  
  40  4:18  Spore Crawler, Queen  
  40  4:19  Queen  
  43  4:33  Spore Crawler, Drone x5  
  47  4:41  Spore Crawler  
  46  4:49  Spore Crawler  
  45  4:54  Queen, Drone  
  45  4:55  Drone x2  
  45  4:57  Extractor  
  49  5:00  Queen, Extractor  
  49  5:02  Overlord, Extractor  
  49  5:29  Queen  
  49  5:34  Spire  
  50  5:36  Queen  
  50  5:38  Drone x6  
  50  5:42  Overlord  
  58  6:00  Zergling x2  
  58  6:01  Zergling x14  
  58  6:02  Overlord  
  66  6:05  Overlord  
  66  6:20  Queen  
  68  6:25  Drone  
  68  6:26  Drone x12  
  68  6:27  Drone  
  68  6:30  Zerg Melee Weapons Level 1  
  82  6:48  Overlord x3  
  82  7:04  Overlord x3  
  82  7:25  Extractor  
  82  7:26  Extractor  
  80  7:35  Zergling x2, Baneling Nest  
  80  7:36  Zergling x34  
  97  7:52  Hatchery  
  96  8:15  Zerg Ground Armor Level 1  
  96  8:20  Baneling x3  
  96  8:21  Baneling x3  
  96  8:24  Baneling x2  
  96  8:36  Centrifical Hooks  
  96  8:41  Zergling x26  
  97  8:42  Zergling x8  
  113  8:50  Zergling x2  
  108  9:08  Zergling x16  
  115  9:23  Zergling x6  
  118  9:38  Zergling x2  
  119  9:39  Overlord x3  
  119  10:02  Zergling x2  
  119  10:03  Zergling x14  
  119  10:06  Zerg Melee Weapons Level 2  
  127  10:09  Zerg Ground Armor Level 2  
  127  10:30  Baneling  
  127  10:31  Baneling  
  127  10:32  Baneling x4  
  98  11:00  Zergling x4  
  98  11:01  Zergling x18  
  106  11:24  Zergling x12  
  96  11:39  Zergling x2  
  82  11:40  Zergling x4  
  84  11:59  Hatchery  
  83  12:12  Drone  
  83  12:13  Drone x5  
  83  12:15  Hatchery  
  88  12:18  Zergling x2  
  88  12:19  Zergling x10  
  77  12:44  Zergling x10  
  77  12:45  Zergling x6  
  77  12:46  Baneling  
  77  12:47  Zergling x2  
  77  12:48  Zergling x4  
Show
View Real Time Build Order
Export as new Build Order

LoliChan Terran - Winner!

Build Orders:  

Get SALT Encoding   

  12  0:01  SCV  
  13  0:13  SCV  
  14  0:23  Supply Depot  
  14  0:25  SCV  
  15  0:35  Refinery  
  15  0:45  SCV  
  15  0:46  Barracks  
  16  0:57  SCV  
  17  1:07  Refinery  
  17  1:09  SCV  
  18  1:21  SCV  
  19  1:33  SCV  
  19  1:34  Factory  
  20  1:45  SCV  
  21  1:57  SCV  
  22  2:08  Command Center  
  22  2:10  Marine  
  23  2:22  Orbital Command  
  23  2:32  Supply Depot  
  23  2:35  Factory Tech Lab  
  23  2:49  Starport  
  23  2:54  Marine  
  24  3:04  Siege Tank  
  27  3:12  Marine  
  28  3:19  Orbital Command  
  28  3:30  Marine  
  28  3:33  Starport Tech Lab  
  29  3:35  Fusion Core  
  29  3:45  SCV  
  29  3:46  SCV  
  31  3:58  SCV x2, Siege Tank  
  36  4:10  SCV x2  
  38  4:22  SCV x2, Advanced Ballistics  
  40  4:26  Liberator  
  43  4:34  SCV x2  
  45  4:42  Refinery  
  45  4:43  Refinery  
  45  4:46  SCV  
  45  4:50  Supply Depot  
  46  5:08  Command Center  
  46  5:12  SCV x2, Liberator  
  46  5:13  Barracks  
  51  5:16  Engineering Bay  
  51  5:24  SCV x2  
  53  5:36  SCV  
  53  5:37  Supply Depot  
  53  5:38  Supply Depot  
  54  5:56  SCV x2  
  53  5:59  Supply Depot  
  53  6:00  Barracks Reactor  
  53  6:08  SCV x2  
  53  6:10  Stimpack  
  55  6:12  Terran Infantry Weapons Level 1  
  55  6:15  Armory  
  55  6:20  SCV x2, Barracks  
  55  6:21  Barracks x2  
  55  6:22  Medivac, Barracks  
  59  6:25  Factory Tech Lab  
  59  6:32  SCV x2, Orbital Command  
  61  6:37  Engineering Bay  
  61  6:47  Marine x3  
  64  7:03  Terran Vehicle And Ship Armor Level 1  
  64  7:04  Marine, Terran Infantry Armor Level 1  
  64  7:05  Marine  
  64  7:06  SCV x2  
  64  7:07  SCV  
  69  7:13  Barracks Reactor x2  
  69  7:14  Barracks Reactor x2  
  69  7:18  SCV  
  69  7:19  SCV x2  
  72  7:30  Marine x3  
  72  7:34  Siege Tank  
  78  7:46  SCV x3  
  78  7:47  Marine  
  78  7:48  Marine x2  
  84  7:51  Supply Depot  
  84  7:56  Marine x4  
  84  7:58  SCV x2, Marine x2  
  90  7:59  SCV  
  93  8:06  Terran Infantry Weapons Level 2  
  93  8:12  SCV, Marine x5, Siege Tank  
  101  8:13  SCV, Marine  
  101  8:14  Combat Shield  
  104  8:25  Marine x2  
  104  8:26  Marine x3  
  109  8:30  Marine x4  
  113  8:36  Marine x2  
  115  8:43  Marine x4  
  115  8:44  Marine  
  115  8:48  Marine, Siege Tank  
  124  8:52  SCV  
  125  8:56  Supply Depot  
  125  8:57  Supply Depot  
  125  8:58  Terran Vehicle And Ship Armor Level 2  
  125  9:02  Terran Infantry Armor Level 2  
  125  9:11  SCV  
  125  9:12  SCV x2, Marine  
  125  9:13  Marine x4  
  125  9:14  Supply Depot x2  
  133  9:17  Marine x3  
  133  9:18  Supply Depot  
  133  9:20  Siege Tank  
  139  9:25  Refinery  
  139  9:26  SCV  
  139  9:27  Refinery  
  140  9:32  SCV  
  141  9:46  Supply Depot x2  
  141  9:48  Command Center  
  141  9:49  Bunker  
  141  9:54  Bunker  
  141  9:56  Supply Depot  
  141  10:00  Marine x6  
  144  10:23  Terran Infantry Weapons Level 3  
  144  10:28  Marine x4  
  145  10:29  Marine x7  
  155  10:46  Marine x9  
  155  10:47  Marine x2  
  103  11:04  Marine x11  
  106  11:15  Medivac  
  83  11:21  Marine  
  83  11:22  Marine x10  
  85  11:39  Marine  
  82  11:40  Marine x2  
  82  11:41  Marine x8  
  82  11:45  Medivac  
  94  11:52  Planetary Fortress, Starport  
  94  11:57  Marine x2  
  94  11:58  Marine  
  94  11:59  Marine x8  
  105  12:08  SCV x3  
  106  12:15  Medivac, Marine x2  
  111  12:16  Marine x3  
  111  12:17  Marine x5  
  111  12:20  SCV x2  
  111  12:21  SCV  
  111  12:22  Marine  
  124  12:32  SCV  
  124  12:33  SCV x2, Marine x2  
  124  12:34  Marine x4  
  132  12:44  SCV  
  132  12:45  SCV x2  
Tags
 
Add a new tag
Caveats
  • Supply blocks, unpowered buildings, or Contaminate may cause inaccurate times.
  • Supply counts are checked every 10 seconds.